Map: Abyssal Reef LE

Players

FartBox

  • Race: Zerg Zerg
  • League: Silver
  • Spawn Location: 11:00

Salvite - Winner!

  • Race: Protoss Protoss
  • League: Silver
  • Spawn Location: 5:00

VOD

Have the link to the VOD?

Description

Time

  • Played on: June 2, 2017, 11:40 p.m.
  • Length: 14:11
Show
View Real Time Build Order
Export as new Build Order

FartBox Zerg 

Build Orders: Pool First 

Get SALT Encoding   

  12  0:01  Drone  
  13  0:12  Overlord  
  13  0:17  Drone  
  14  0:34  Drone  
  15  0:39  Spawning Pool  
  15  0:41  Drone  
  15  0:54  Drone x2  
  17  1:00  Drone  
  18  1:08  Overlord  
  18  1:18  Drone  
  19  1:33  Drone, Hatchery  
  19  1:43  Extractor  
  19  1:47  Drone  
  19  1:56  Overlord  
  19  1:59  Queen  
  21  2:04  Zergling x2  
  22  2:15  Drone  
  23  2:23  Zergling x2  
  24  2:34  Zergling x2  
  24  2:35  Queen  
  27  2:50  Zergling x2, Baneling Nest  
  27  2:51  Zergling x2  
  28  2:55  Zergling x2  
  29  2:59  Drone  
  30  3:07  Drone x2  
  32  3:16  Drone  
  33  3:22  Extractor  
  33  3:23  Drone  
  33  3:27  Drone x3  
  36  3:35  Lair  
  36  3:36  Queen  
  38  3:49  Drone x4  
  38  3:53  Drone x2  
  44  4:15  Overlord  
  44  4:16  Overlord  
  44  4:28  Overlord  
  44  4:29  Overlord  
  44  4:33  Zergling x6, Hatchery  
  44  4:34  Zergling x4  
  48  4:39  Queen  
  50  4:49  Drone  
  50  4:50  Zergling x2  
  52  5:20  Baneling x3  
  52  5:21  Baneling x7  
  52  5:22  Baneling x6  
  52  5:23  Baneling x6  
  52  5:26  Zergling x10  
  52  5:27  Zergling x8  
  61  5:30  Queen  
  63  5:38  Metabolic Boost  
  63  5:44  Drone x2  
  63  5:46  Drone  
  63  5:49  Drone x2  
  68  5:59  Baneling  
  68  6:00  Baneling  
  51  6:27  Zergling x4  
  51  6:28  Zergling x12  
  51  6:29  Zergling x4  
  57  6:32  Queen  
  57  6:33  Queen  
  57  6:34  Queen  
  57  6:36  Drone x3  
  66  6:55  Zergling x8  
  66  6:56  Zergling x4  
  66  7:01  Zergling x4  
  74  7:09  Zergling x2, Burrow, Extractor  
  74  7:27  Overlord x3  
  74  7:29  Overlord  
  74  7:39  Infestation Pit  
  74  7:40  Zergling x2  
  74  7:45  Queen, Overlord  
  74  7:46  Overlord x3  
  74  7:48  Drone  
  74  7:49  Drone, Zergling x2  
  75  7:59  Baneling  
  75  8:01  Baneling  
  75  8:04  Overseer  
  72  8:08  Baneling x7  
  72  8:09  Baneling x5  
  72  8:10  Baneling x4  
  70  8:18  Overseer  
  63  8:24  Spore Crawler  
  63  8:25  Spore Crawler x3  
  49  8:38  Overlord x2  
  49  8:39  Drone  
  49  8:40  Drone x6  
  55  8:49  Zergling x2  
  55  8:55  Drone x3  
  57  9:37  Drone x4  
  57  9:38  Drone x5  
  65  9:54  Zergling x6  
  68  10:01  Zergling x6  
  71  10:10  Zergling x4  
  70  10:40  Spore Crawler  
  66  10:50  Zergling x2  
  66  10:51  Zergling x12  
  66  10:52  Zergling x4  
  72  11:11  Baneling x4  
  66  11:13  Baneling x3  
  66  11:14  Baneling x5  
  62  11:39  Zergling x6  
  57  11:40  Zergling x6  
  48  11:54  Overseer  
  48  12:02  Spine Crawler  
  48  12:03  Spine Crawler  
  48  12:04  Spine Crawler  
  48  12:05  Spine Crawler  
  48  12:06  Spine Crawler x2  
  48  12:07  Spore Crawler  
  41  12:10  Spore Crawler  
  41  12:13  Overseer  
  40  12:20  Spine Crawler  
  40  12:22  Spine Crawler x2  
  37  12:23  Spine Crawler  
  37  12:26  Spore Crawler x2  
  37  12:28  Spore Crawler  
  27  12:57  Overseer  
  27  13:02  Spawning Pool  
  27  13:04  Zergling x6  
  19  13:26  Baneling x2  
  19  13:27  Baneling x4  
  19  13:34  Drone x2  
Show
View Real Time Build Order
Export as new Build Order

Salvite Protoss - Winner!

Build Orders:  

Get SALT Encoding   

  12  0:01  Probe (Chrono Boost)  
  13  0:12  Probe (Chrono Boost)  
  14  0:19  Pylon  
  14  0:23  Probe (Chrono Boost)  
  15  0:38  Probe (Chrono Boost)  
  15  0:41  Pylon  
  16  0:52  Probe (Chrono Boost)  
  17  1:04  Gateway  
  17  1:09  Probe (Chrono Boost)  
  18  1:18  Assimilator  
  18  1:20  Probe (Chrono Boost)  
  19  1:26  Assimilator  
  19  1:30  Probe (Chrono Boost)  
  20  1:41  Probe (Chrono Boost)  
  21  1:51  Probe (Chrono Boost)  
  21  1:54  Cybernetics Core  
  21  2:13  Probe (Chrono Boost)  
  22  2:24  Probe (Chrono Boost)  
  23  2:31  Nexus  
  23  2:36  Pylon  
  23  2:37  Pylon  
  23  2:41  Adept  
  25  2:46  Probe (Chrono Boost)  
  26  2:51  Gateway  
  26  2:54  Warp Gate  
  26  2:59  Probe (Chrono Boost)  
  27  3:10  Mothership Core (Chrono Boost)  
  29  3:15  Adept  
  31  3:30  Probe (Chrono Boost)  
  32  3:46  Assimilator  
  32  3:48  Assimilator  
  32  3:54  Pylon  
  32  3:59  Probe x2 (Chrono Boost)  
  34  4:04  Adept x2  
  38  4:22  Robotics Facility  
  38  4:26  Twilight Council  
  38  4:46  Probe x2 (Chrono Boost)  
  38  4:50  Sentry  
  38  4:52  Sentry  
  44  4:57  Probe (Chrono Boost)  
  44  4:58  Probe (Chrono Boost)  
  46  5:01  Protoss Air Armor Level 1  
  45  5:08  Blink  
  45  5:21  Probe x2 (Chrono Boost)  
  45  5:27  Observer  
  48  5:32  Probe x2 (Chrono Boost)  
  50  5:43  Forge  
  50  5:45  Forge  
  50  5:48  Immortal  
  54  5:51  Probe x2 (Chrono Boost)  
  56  5:58  Stalker  
  56  6:02  Probe x2 (Chrono Boost)  
  60  6:04  Stalker  
  62  6:14  Probe (Chrono Boost)  
  50  6:28  Stalker  
  52  6:34  Stalker  
  54  6:49  Pylon  
  54  6:51  Pylon  
  54  6:53  Pylon  
  54  6:59  Protoss Ground Weapons Level 1  
  54  7:00  Protoss Ground Armor Level 1  
  54  7:07  Probe x2 (Chrono Boost), Stalker  
  58  7:09  Resonating Glaives  
  58  7:17  Probe (Chrono Boost)  
  58  7:18  Probe (Chrono Boost)  
  60  7:28  Probe x2 (Chrono Boost)  
  62  7:39  Probe x2 (Chrono Boost)  
  64  7:46  Gateway  
  64  7:49  Gateway  
  64  7:50  Gateway  
  64  7:52  Gateway  
  64  7:54  Gateway  
  64  7:58  Gateway  
  62  8:05  Probe x2 (Chrono Boost)  
  60  8:08  Warp Prism  
  62  8:19  Probe x2 (Chrono Boost)  
  50  8:44  Warp Prism  
  52  8:53  Protoss Shields Level 1  
  52  8:58  Stalker  
  54  9:17  Sentry x3  
  54  9:18  Sentry  
  54  9:21  Stalker  
  64  9:27  Adept  
  64  9:28  Adept x2  
  65  9:36  Probe x2 (Chrono Boost)  
  61  9:46  Probe (Chrono Boost)  
  62  10:45  Stalker x5  
  62  10:46  Stalker x2  
  72  11:21  Stalker  
  72  11:22  Stalker x2  
  78  11:30  Pylon  
  78  11:32  Pylon  
  76  11:34  Pylon  
  76  11:36  Pylon  
  68  11:40  Pylon  
  68  11:42  Pylon  
  68  12:01  Stalker  
  68  12:02  Stalker x6  
  68  12:03  Stalker  
  81  12:26  Stalker x3  
  81  12:27  Stalker x4  
  89  12:58  Adept x6  
  93  12:59  Adept x2  
  99  14:07  Adept x5  
  99  14:08  Adept x2  
Tags
 
Add a new tag
Caveats
  • Supply blocks, unpowered buildings, or Contaminate may cause inaccurate times.
  • Supply counts are checked every 10 seconds.